 Dungeon Crawl Stone Soup version 0.30-a0-364-gf6b3ef1049 (webtiles) character file.

Game seed: 1212534604713806245

931 mopl the Cleaver (level 7, -4/52 HPs)
             Began as a Demonspawn Fighter on Nov 15, 2022.
             Slain by an iguana (7 damage)
             ... on level 5 of the Dungeon.
             The game lasted 00:09:27 (3720 turns).

mopl the Cleaver (Demonspawn Fighter)               Turns: 3720, Time: 00:09:27

Health: -4/52      AC:  8    Str: 24    XL:     7   Next: 86%
Magic:  0/7        EV:  6    Int:  9    God:
Gold:   65         SH:  4    Dex: 13    Spells: 6/6 levels left

rFire   . . .      SeeInvis .    a - +0 war axe
rCold   . . .      Faith    .    c - +0 buckler
rNeg    . . .      Spirit   +    b - +0 scale mail
rPois   .          Reflect  .    F - +1 helmet
rElec   .          Harm     .    q - scarf {shadows}
rCorr   .          Rampage  .    (no gloves)
Will    +....                    (no boots)
Stlth   ..........               i - amulet of guardian spirit
HPRegen 0.28/turn                h - ring of willpower
MPRegen 0.10/turn                t - +6 ring of strength

@: mighty, grasped by roots, constricted
A: powered by pain 1, demonic magic 2
a: no special abilities


You were on level 5 of the Dungeon.
You visited 1 branch of the dungeon, and saw 5 of its levels.

You collected 377 gold pieces.
You spent 312 gold pieces at shops.

Inventory:

Hand Weapons
 a - a +0 war axe (weapon)
Missiles
 k - 15 poisoned darts (quivered)
 E - 5 curare-tipped darts
Armour
 b - a +0 scale mail (worn)
 c - a +0 buckler (worn)
 q - a scarf of shadows (worn)
 F - a +1 helmet (worn)
Jewellery
 h - a ring of willpower (left hand)
 i - an amulet of guardian spirit (around neck)
 m - a ring of resist corrosion
 s - a ring of wizardry
 t - a +6 ring of strength (right hand)
 y - an amulet of magic regeneration
Wands
 D - a wand of paralysis (2)
Scrolls
 e - 2 scrolls of magic mapping
 g - 2 scrolls of poison {unknown}
 n - a scroll of vulnerability {unknown}
 p - 2 scrolls of enchant armour {unknown}
 u - 2 scrolls of amnesia
 v - 2 scrolls of butterflies {unknown}
 x - a scroll of silence {unknown}
 A - a scroll of teleportation {unknown}
 B - a scroll of blinking {unknown}
 G - a scroll of brand weapon
Potions
 f - a potion of resistance
 j - 4 potions of heal wounds
 l - a potion of mutation {!q}
 o - a potion of ambrosia
 w - a potion of invisibility
 z - a potion of flight
 C - a potion of curing


   Skills:
 - Level 3.0 Fighting
 + Level 8.5 Axes
 - Level 2.6 Armour
 - Level 2.6 Shields


You had 6 spell levels left.
You didn't know any spells.
Your spell library contained the following spells:

 Spells                   Type           Power      Damage    Failure   Level
 Blink                    Tloc           0%         N/A       89%         2
 Static Discharge         Conj/Air       0%         2-2/arc   89%         2
 Vhi's Electric Charge    Tloc/Air       0%         N/A       98%         3
 Manifold Assault         Tloc           0%         N/A       100%        4
 Arcjolt                  Conj/Air       0%         1d10      100%        5
 Lightning Bolt           Conj/Air       0%         1d11      100%        5
 Storm Form               Tmut/Air       0%         N/A       100%        7


Dungeon Overview and Level Annotations

Branches:
Dungeon (5/15)
 Temple: D:4-7

Altars:
Makhleb
Sif Muna

Shops:
D:1 ?

Annotations:
D:2 1 runed translucent door, Crazy Yiuf
D:5 2 runed translucent doors, Dowan, Duvessa


Innate Abilities, Weirdness & Mutations

You sometimes gain a little power by taking damage.
Spells you cast may paralyse nearby enemies.


Message History

Dowan casts a spell.
Dowan blinks!
Duvessa hits you with a +0 short sword.
The iguana bites you but does no damage.
Unknown command.
You slash Duvessa!
Duvessa is moderately wounded.
You barely miss the iguana.
Dowan zaps a wand.
The roots erupt in riotous growth!
Duvessa is unaffected.
The grasping roots grab you! The grasping roots constrict you.
Duvessa hits you but does no damage. The iguana closely misses you.
You hear an angry hiss.
Unknown command.
You slash Duvessa!
Duvessa is heavily wounded.
You closely miss the iguana. The grasping roots constrict you.
Duvessa barely misses you. The iguana bites you.
Unknown command.
You closely miss Duvessa.
Duvessa is heavily wounded.
You completely miss the iguana. The grasping roots constrict you.
* * * LOW HITPOINT WARNING * * *
Duvessa hits you but does no damage. The iguana bites you.
* * * LOW HITPOINT WARNING * * *
The grasping roots release their grip on you.
Dowan hits you but does no damage. Duvessa hits you with a +0 short sword.
* * * LOW HITPOINT WARNING * * *
Unknown command.
You slash Duvessa!
Duvessa is severely wounded.
You closely miss Dowan. You closely miss the iguana.
Dowan zaps a wand.
The roots erupt in riotous growth!
The grasping roots grab you!
Dowan is unaffected.
The iguana is unaffected.
Duvessa is unaffected.
The grasping roots constrict you.
* * * LOW HITPOINT WARNING * * *
Duvessa hits you with a +0 short sword.
* * * LOW HITPOINT WARNING * * *
The iguana bites you!
You die...

.....?.....?
...........#.#.
#.........#...
#......>......
####.............
###(...............
......e............
.....e@l....†........
.....####....#..###++
.... ####.#..#....
... #.#..#... ..
#.#..#.# . #.#..#.#
#....#.# #
###..#..$).. #..#
....


You could see Duvessa, Dowan and an iguana.

Vanquished Creatures
  Grinder (D:5)
  Eustachio (D:5)
  A scorpion (D:5)
  2 howler monkeys
  A hound (D:3)
  An orc priest (D:4)
  2 iguanas (D:4)
  Ijyb (D:4)
  An orc wizard (D:4)
  Robin (D:4)
  7 gnolls
  7 adders
  4 orcs
  5 endoplasms
  2 giant cockroaches (D:2)
  46 goblins
  30 hobgoblins
  5 quokkas
  9 ball pythons
  4 bats
  3 frilled lizards
  11 kobolds
  2 rats (D:2)
147 creatures vanquished.

Notes
Turn   | Place    | Note
-------+----------+-------------------------------------------
     0 | D:1      | mopl the Demonspawn Fighter began the quest for the Orb.
     0 | D:1      | Reached XP level 1. HP: 18/18 MP: 1/1
    29 | D:1      | Reached skill level 2 in Axes
    99 | D:1      | Gained mutation: You sometimes gain a little power by
                  | taking damage. [demonic ancestry]
    99 | D:1      | Reached XP level 2. HP: 17/24 MP: 2/2
   143 | D:1      | Found Baeruux's Magic Scroll Boutique.
   421 | D:1      | Reached skill level 3 in Axes
   525 | D:1      | Bought a scroll of noise for 12 gold pieces
   525 | D:1      | Bought a scroll of identify for 24 gold pieces
   525 | D:1      | Bought a scroll of identify for 24 gold pieces
   684 | D:2      | Found a shimmering blue altar of Sif Muna.
   699 | D:2      | Gained mutation: Spells you cast may paralyse adjacent
                  | enemies. [demonic ancestry]
   699 | D:2      | Reached XP level 3. HP: 29/29 MP: 3/3
  1288 | D:2      | Found a runed translucent door.
  1294 | D:2      | Noticed Crazy Yiuf
  1471 | D:3      | Reached skill level 4 in Axes
  1471 | D:3      | Gained mutation: Spells you cast may paralyse nearby
                  | enemies. [demonic ancestry]
  1471 | D:3      | Reached XP level 4. HP: 35/35 MP: 4/4
  1625 | D:3      | Found a faded altar of an unknown god.
  1876 | D:3      | Reached XP level 5. HP: 27/41 MP: 5/5
  1902 | D:3      | Reached skill level 5 in Axes
  2332 | D:3      | Found a burning altar of Makhleb.
  2722 | D:4      | Reached XP level 6. HP: 37/47 MP: 6/6
  2771 | D:4      | Reached skill level 6 in Axes
  2985 | D:4      | Noticed Ijyb
  2992 | D:4      | Paralysed by Ijyb for 5 turns
  3014 | D:4      | Killed Ijyb
  3068 | D:4      | Noticed Robin
  3075 | D:4      | Killed Robin
  3443 | D:1      | Bought a scroll of brand weapon for 114 gold pieces
  3443 | D:1      | Bought a scroll of amnesia for 48 gold pieces
  3443 | D:1      | Bought a scroll of magic mapping for 90 gold pieces
  3524 | D:5      | Entered Level 5 of the Dungeon
  3533 | D:5      | Reached skill level 7 in Axes
  3533 | D:5      | Reached XP level 7. HP: 46/52 MP: 7/7
  3625 | D:5      | Noticed Grinder
  3625 | D:5      | Noticed Eustachio
  3640 | D:5      | Paralysed by Grinder for 5 turns
  3652 | D:5      | Killed Eustachio
  3653 | D:5      | Killed Grinder
  3654 | D:5      | Reached skill level 8 in Axes
  3692 | D:5      | Found a runed translucent gate.
  3692 | D:5      | Found a runed translucent gate.
  3710 | D:5      | Noticed Dowan
  3710 | D:5      | Noticed Duvessa
  3720 | D:5      | Slain by an iguana

Illustrated notes

Levels and vault maps discovered:
D:1:      lemuel_arrival_behind_the_door_large, layout_rooms, serial_shops,
          nicolae_shop_waterfront, minmay_liquid_box, grunt_decor_resistance,
          minmay_domino_4
D:2:      layout_loops_cross, serial_rivers, chequers_serial_rivers_micro_c,
          chequers_serial_rivers_large_b, chequers_serial_rivers_small_a,
          chequers_serial_rivers_micro_d, chequers_serial_rivers_small_3,
          basic_altar, uniq_crazy_yiuf_cottage
D:3:      minmay_goblin_kobold_castle, layout_loops_ring, bloody_makhleb,
          chequers_ecumenical_altar_island, minivault_23
D:4:      layout_rooms, uniq_robin, uniq_ijyb
D:5:      layout_basic, gammafunk_ghost_split, serial_shops, shop,
          portal_sewer_entry_d, uniq_grinder, uniq_eustachio, uniq_duvessa

Skill      XL: |  1  2  3  4  5  6  7 |
---------------+----------------------+-----
Axes           | 2 3 4 5 7 8 |  8.5
Fighting       | |  3.0
Armour         | |  2.6
Shields        | |  2.6

Action                   |  1- 3 |  4- 6 |  7- 9 || total
-------------------------+-------+-------+-------++-------
Melee: War axe           |    85 |   244 |    38 ||   367
  Use: Scroll            |     4 |     5 |       ||     9
       Potion            |       |       |     2 ||     2
Armor: Scale mail        |    40 |   106 |    24 ||   170
Dodge: Dodged            |    38 |   114 |    19 ||   171
Block: Buckler           |    26 |    63 |     8 ||    97

Table legend: (Time is in decaauts)
 A = Elapsed time spent in this place.
 B = Non-inter-level travel time spent in this place.
 C = Inter-level travel time spent in this place.
 D = Time resting spent in this place.
 E = Time spent auto-exploring this place.
 F = Levels seen in this place.
 G = Mean time per level.
                   A        B        C        D        E       F      G
               +--------+--------+--------+--------+--------+-----+--------+
         Total |   3886 |   3569 |    317 |    253 |   2371 |   5 |  777.2 |
       Dungeon |   3886 |   3569 |    317 |    253 |   2371 |   5 |  777.2 |
               +--------+--------+--------+--------+--------+-----+--------+

Top non-repeatable levels by time:
     D:3: 1311 daAuts
     D:2: 985 daAuts
     D:4: 755 daAuts
     D:1: 654 daAuts
     D:5: 180 daAuts
